[Event "Swiss Championship 2024"]
[Site "Flims"]
[Date "2024.07.15"]
[Round "3.5"]
[White "Klauser, Markus"]
[Black "Georgiadis, Nico"]
[Result "0-1"]
[ECO "C70"]
[WhiteElo "2358"]
[BlackElo "2512"]
[Annotator "TA"]
[PlyCount "66"]
[EventDate "2024.07.10"]
[EventType "tourn"]
[EventCountry "SUI"]
[SourceTitle "playchess.com"]
[Source "ChessBase"]
[SourceQuality "1"]
[TimeControl "40/5400+30:1800+30"]

1. e4 e5 2. Nf3 Nc6 3. Bb5 a6 4. Ba4 b5 5. Bb3 Na5 6. O-O d6 7. d4 exd4 8. Nxd4 Bb7 9. Bd2 Nxb3 10. axb3 g6 11. Bc3 {[%emt 0:04:19][%cal Od4b5] Droht Nxb5! und aus.} Nf6 $1 {[%emt 0:00:28][%cal Oc7c5] Weiß steht etwas besser.} 12. Re1 Bg7 13. e5 dxe5 14. Rxe5+ Kf8 {[%emt 0:00:04][%cal Oc7c5] [#] Droht stark ...c5!} 15. Bb4+ ({Besser ist} 15. Re1 $1 $15) 15... Kg8 $17 16. Nc3 (16. Re1 $17 {war angesagt.}) 16... Nd7 $2 ({Vorzuziehen ist} 16... Ng4 $1 $19 17. Re8+ Qxe8 18. Qxg4 Qc8 19. Qxc8+ Rxc8) 17. Rd5 $11 {[%emt 0:01:38][%cal Od4f5] Schwarz muss nun Nf5! beachten.} Bxd5 (17... h5 $11) 18. Nxd5 $16 Bxd4 19. Ne7+ (19. Be7 Bxf2+ 20. Kxf2 Qb8 $17) (19. Qxd4 $16 {Ne7+ ist eine echte Drohung.} c5 20. Bxc5 Nxc5 21. Qxc5) 19... Kg7 $11 20. Qxd4+ Nf6 21. Qh4 (21. Qe5 $1 $11 {und Weiss ist OK.} Re8 22. g4) 21... Re8 22. Re1 Ng8 23. g4 (23. f3 {kämpft weiter.}) 23... a5 $19 24. Bc3+ f6 25. g5 {[%emt 0:01:40] [#]} Ra6 (25... Rxe7 $2 {verliert.} 26. gxf6+ (26. Bxf6+ Kf8 $15) 26... Kf7 27. Qxh7+ (27. fxe7 Nxe7 28. Qxh7+ Ke8 $18) 27... Kf8 28. fxe7+ $18) 26. Bxf6+ Nxf6 27. Qh6+ Kh8 28. gxf6 Rxf6 29. Qe3 Qd6 {[%emt 0:00:55] Und ...Rf7 würde nun gewinnen.} 30. Kh1 (30. c4 $142) 30... Ref8 {[%emt 0:00:09] Schwarz steht klar auf Gewinn.} 31. Re2 Kg7 {[%emt 0:00:24] Zielt auf ...Rf3 ab.} 32. c4 Rf3 33. Qe4 Rxf2 {[%emt 0:04:59] Gewichteter Fehlerwert: Weiß=1.09/Schwarz=0.32.  Verlustzug:     	Weiß=2     	---        Gewinn verpasst:   	---       	Schwarz=1     Fehler:       	Weiß=4     	Schwarz=1     Ungenau:       	Weiß=3     	---        OK:         	Weiß=5     	Schwarz=7     Bester:       	Weiß=1     	Schwarz=6     Stark:        	---       	Schwarz=1} 0-1

[Event "Swiss Championship 2024"]
[Site "Flims"]
[Date "2024.07.16"]
[Round "4.1"]
[White "Bogner, Sebastian"]
[Black "Georgiadis, Nico"]
[Result "1/2-1/2"]
[ECO "C67"]
[WhiteElo "2547"]
[BlackElo "2512"]
[Annotator "TA"]
[PlyCount "40"]
[EventDate "2024.07.10"]
[EventType "tourn"]
[EventCountry "SUI"]
[SourceTitle "playchess.com"]
[Source "ChessBase"]
[SourceQuality "1"]
[TimeControl "40/5400+30:1800+30"]

1. e4 e5 2. Nf3 Nc6 3. Bb5 Nf6 4. O-O Nxe4 5. Re1 Nd6 6. Nxe5 Be7 7. Bf1 Nxe5 8. Rxe5 O-O 9. d4 Bf6 10. Re1 {[%emt 0:00:08] The position is equal.} Re8 11. c3 Rxe1 12. Qxe1 Ne8 13. Bf4 d5 14. Bd3 g6 15. Nd2 c6 16. Nf3 Ng7 17. Bh6 Nf5 18. Bf4 Ng7 19. Bh6 Nf5 20. Bf4 Ng7 {An uneventful encounter.   Weighted Error Value: White=0.04 (flawless) /Black=0.02 (flawless) .  OK:         	White=4     	Black=7} 1/2-1/2

[Event "Swiss Championship 2024"]
[Site "Flims"]
[Date "2024.07.16"]
[Round "4.2"]
[White "Baenziger, Fabian"]
[Black "Klauser, Markus"]
[Result "1-0"]
[ECO "E17"]
[WhiteElo "2410"]
[BlackElo "2358"]
[Annotator "RC"]
[PlyCount "47"]
[EventDate "2024.07.10"]
[EventType "tourn"]
[EventCountry "SUI"]
[SourceTitle "playchess.com"]
[Source "ChessBase"]
[SourceQuality "1"]
[TimeControl "40/5400+30:1800+30"]

1. Nf3 Nf6 2. c4 e6 3. g3 b6 4. Bg2 Bb7 5. O-O Be7 6. d4 O-O 7. Re1 d5 8. cxd5 exd5 9. Nc3 Nbd7 10. Bf4 c6 11. Rc1 Re8 12. h4 h6 13. e3 a5 14. a3 Bf8 15. Nd2 b5 16. Qb3 Nb6 17. Nxb5 Nc4 18. Nc7 Nxd2 19. Qxb7 Rb8 20. Qxc6 Rc8 21. Qa6 Re4 22. Qd3 Rxf4 23. exf4 Nc4 24. Nxd5 1-0

[Event "Swiss Championship 2024"]
[Site "Flims"]
[Date "2024.07.16"]
[Round "4.3"]
[White "Fischer, Daniel"]
[Black "Georgiadis, Ioannis"]
[Result "0-1"]
[ECO "C84"]
[WhiteElo "2372"]
[BlackElo "2483"]
[Annotator "TA"]
[PlyCount "102"]
[EventDate "2024.07.10"]
[EventType "tourn"]
[EventCountry "SUI"]
[SourceTitle "playchess.com"]
[Source "ChessBase"]
[SourceQuality "1"]
[TimeControl "40/5400+30:1800+30"]

1. e4 e5 2. Nf3 Nc6 3. Bb5 a6 4. Ba4 Nf6 5. O-O d6 6. Re1 Bd7 7. Bxc6 Bxc6 8. Nc3 Be7 9. d4 exd4 10. Nxd4 Bd7 11. Qf3 O-O {[%emt 0:00:10] White has an edge.} 12. Bf4 b5 13. e5 dxe5 14. Bxe5 b4 15. Nd5 Nxd5 16. Qxd5 c5 17. Nc6 Bxc6 18. Qxc6 Re8 19. Rad1 Qa5 20. Qd5 Bf8 {[%emt 0:04:11] next ...Rad8 is good for Black.} 21. Qc4 Rad8 {[%emt 0:06:36] Wards off Rd7} 22. Rxd8 Rxd8 23. h3 Re8 {[%emt 0:04:42][%cal Ob4b3] Strongly threatening ...b3!} 24. Re3 Qb5 25. Qg4 c4 26. Bd4 h5 27. Qe2 Rxe3 28. Bxe3 $11 {[%emt 0:00:36][%mdl 4096] Endgame. KQB-KQB} Qd5 29. c3 a5 30. Qd2 Qf5 (30... Qxd2 {simplifies} 31. Bxd2 b3 32. a4 Kh7) 31. Qd8 b3 32. axb3 (32. a4 $11) 32... cxb3 $19 {[%emt 0:00:05] ...a4 would now be deadly.} 33. Kh2 $2 (33. Bc1 {is the only way for White.}) 33... a4 34. Qb8 h4 35. c4 {[%emt 0:00:33] [#]} f6 $2 (35... g5 $1 $19 {Threatens to win with ...f6.} 36. Kh1 Qc2 (36... Qb1+ $2 37. Kh2 $19)) 36. c5 $2 {[%emt 0:00:31][%mdl 8192] [#] Now White is beyond hope.} (36. f4 $15) 36... Qe5+ $1 37. Qxe5 fxe5 {[%emt 0:00:05] KB-KB} 38. c6 Bd6 39. Bc5 Bc7 {[%emt 0:00:05] aiming for ...Kf7.} (39... Bxc5 $2 {loses.} 40. c7 Kh7 41. c8=Q $18 (41. c8=B $2 {is the wrong capture.} Kg6 $19)) 40. Kg1 Kf7 {[%emt 0:00:56] Hoping for ...Ke6.} 41. Kf1 Ke6 42. Ke2 Kd5 43. Bf8 Kxc6 44. Kd3 Kd5 {[%emt 0:02:02] White must now prevent ...Bb6.} 45. f3 g6 (45... Bb6 $142 46. Kd2 Bd4) 46. Be7 Bb6 47. Kc3 Bd4+ {[%emt 0:00:11] Black mates.} 48. Kb4 Bxb2 49. Kxa4 Kc4 50. Bg5 Bd4 51. Ka3 Kc3 {[%emt 0:00:17] Weighted Error Value: White=0.68/Black=0.25 (precise) .  Loses game:     	White=2     	---        Missed win:     	---       	Black=1      Mistake:       	White=1     	---        Inaccurate:     	---       	Black=1      OK:         	White=9     	Black=15     Best:        	White=2     	---        Strong:       	---       	Black=1} 0-1

[Event "Swiss Championship 2024"]
[Site "Flims"]
[Date "2024.07.16"]
[Round "4.4"]
[White "Peng, Li Min"]
[Black "Kurmann, Oliver"]
[Result "1/2-1/2"]
[ECO "B22"]
[WhiteElo "2562"]
[BlackElo "2428"]
[Annotator "TA"]
[PlyCount "73"]
[EventDate "2024.07.10"]
[EventType "tourn"]
[EventCountry "SUI"]
[SourceTitle "playchess.com"]
[Source "ChessBase"]
[SourceQuality "1"]
[TimeControl "40/5400+30:1800+30"]

1. e4 c5 2. c3 Nf6 3. e5 Nd5 4. d4 cxd4 5. Nf3 e6 6. cxd4 d6 7. Bc4 Be7 8. O-O O-O 9. Qe2 Bd7 10. Bxd5 {[%emt 0:02:54] The position is equal.} exd5 11. Nc3 Be6 12. Rd1 a6 13. Bf4 Nc6 14. Rac1 Re8 15. h3 h6 16. Qd2 Bf8 17. Re1 dxe5 18. Nxe5 Rc8 19. Na4 Bb4 20. Nc3 Na5 (20... Ba5 {simplifies} 21. Nxc6 Rxc6 22. a3 b5) 21. Qd3 Nc4 22. Qg3 Kh8 23. Nd3 {[%emt 0:18:42] Excellent horsemanship.} Bf8 24. b3 Na5 25. Nc5 Qb6 (25... Bxc5 $6 26. dxc5 Nc6 27. Na4 $14) (25... Nc6 $11 {remains equal.}) 26. N3a4 $36 {[%emt 0:04:07][%mdl 2048] White is pushing. White is much more active.} Qb4 27. Qd3 (27. a3 $14 Qb5 (27... Qxa3 28. Bd2 $16) (27... Qxd4 $2 28. Be5 $18) 28. Bd6 Bxd6 29. Qxd6) 27... Nc6 ({But not} 27... Rxc5 $2 28. Bd2 Rxc1 29. Bxb4 Rxe1+ 30. Bxe1 $18) (27... Bxc5 $142 28. Bd2 (28. Nxc5 $2 {loses.} Rxc5 29. Bd2 Qb5 $19) 28... Qxd4 29. Nxc5 Qxd3 30. Nxd3 Rxc1 31. Rxc1 Nc6) 28. Red1 $11 Nd8 29. Bd2 {[%emt 0:01:54] White is slightly better.} (29. Kh2 {with more complications.} Nc6 30. a3 Qxa3 31. Nxb7 Ne5 32. dxe5 Qb4 33. Be3) 29... Qb5 30. Qxb5 axb5 31. Nc3 Bxc5 32. dxc5 Rxc5 33. Be3 d4 34. Bxd4 Rh5 35. f3 b4 36. Ne4 Nc6 37. Bf2 {[%emt 0:05:50] Weighted Error Value: White=0.09 (flawless) /Black=0.11 (very precise) .  Mistake:       	White=1     	Black=2      Inaccurate:     	White=1     	Black=1      OK:         	White=14    	Black=15     Best:        	White=1     	---} 1/2-1/2

[Event "Swiss Championship 2024"]
[Site "Flims"]
[Date "2024.07.16"]
[Round "4.5"]
[White "Stijve, Theo"]
[Black "Wyss, Jonas"]
[Result "1-0"]
[ECO "D87"]
[WhiteElo "2328"]
[BlackElo "2291"]
[Annotator "RC"]
[PlyCount "127"]
[EventDate "2024.07.10"]
[EventType "tourn"]
[EventCountry "SUI"]
[SourceTitle "playchess.com"]
[Source "ChessBase"]
[SourceQuality "1"]
[TimeControl "40/5400+30:1800+30"]

1. d4 Nf6 2. c4 g6 3. Nc3 d5 4. cxd5 Nxd5 5. e4 Nxc3 6. bxc3 Bg7 7. Bc4 c5 8. Ne2 Nc6 9. Be3 O-O 10. Rc1 cxd4 11. cxd4 Qa5+ 12. Rc3 Rd8 13. Qd2 Be6 14. Bxe6 fxe6 15. a3 e5 16. d5 Nd4 17. Bxd4 exd4 18. Rd3 Qxd2+ 19. Kxd2 e6 20. Nxd4 Bxd4 21. Rxd4 exd5 22. exd5 Rd6 23. Re1 Rf8 24. f4 Rfd8 25. Re5 Kf7 26. Kd3 b5 27. Ke4 Rb8 28. Rd3 a5 29. Kd4 b4 30. Rb3 Rd7 31. g3 Rc7 32. axb4 axb4 33. Re6 Rc2 34. Rc6 Rd2+ 35. Kc5 Rc2+ 36. Kd6 Rd2 37. Kc7 Rb5 38. d6 Ke8 39. h4 Rd4 40. Re3+ Kf8 41. Re5 Rbd5 42. Rxd5 Rxd5 43. Rb6 Rc5+ 44. Kd7 Rc3 45. g4 b3 46. Ke6 Re3+ 47. Kf6 Ke8 48. Rb7 Rd3 49. Kg7 Rxd6 50. Rb8+ Rd8 51. Rxb3 Rd4 52. Re3+ Kd8 53. Kxh7 Rxf4 54. g5 Rxh4+ 55. Kxg6 Rg4 56. Kf6 Rf4+ 57. Kg7 Rg4 58. g6 Rg1 59. Kf7 Rf1+ 60. Kg8 Rg1 61. g7 Kd7 62. Rh3 Ke7 63. Kh7 Kf7 64. g8=Q+ 1-0

[Event "Swiss Championship 2024"]
[Site "Flims"]
[Date "2024.07.17"]
[Round "5.1"]
[White "Wyss, Jonas"]
[Black "Bogner, Sebastian"]
[Result "0-1"]
[ECO "B48"]
[WhiteElo "2291"]
[BlackElo "2547"]
[Annotator "TA"]
[PlyCount "112"]
[EventDate "2024.07.10"]
[EventType "tourn"]
[EventCountry "SUI"]
[SourceTitle "playchess.com"]
[Source "ChessBase"]
[SourceQuality "1"]
[TimeControl "40/5400+30:1800+30"]

1. e4 c5 2. Nf3 e6 3. d4 cxd4 4. Nxd4 Nc6 5. Nc3 Qc7 6. Be3 a6 7. Qd2 Nf6 8. O-O-O Be7 9. f3 b5 10. Nxc6 dxc6 {[%emt 0:00:33] The position is equal.} 11. g4 e5 12. h4 O-O $1 13. Qf2 Rd8 14. Rxd8+ Qxd8 15. Bh3 Nd7 16. g5 Nf8 17. Rd1 Qc7 18. Bb6 Qb7 19. Bxc8 Rxc8 20. Bc5 Ne6 21. Bxe7 Qxe7 22. Qb6 h6 23. gxh6 g6 24. Qxa6 Rc7 25. a4 bxa4 26. Qa5 a3 (26... Nd4 {with more complications.} 27. f4 a3 28. Qxa3 Qxh4 29. Kb1 Qh2) 27. Qxa3 Qxh4 28. Qd6 Qxh6+ 29. Kb1 Qf4 30. Rd3 Rc8 (30... Qh2 {is more complex.} 31. Na4 Rc8 32. Qd7 Rb8) 31. Qd7 Rc7 32. Qd6 Qg3 (32... Qh2 {feels hotter.} 33. Na4 Rc8 34. Qd7 Rd8) 33. b3 Rc8 34. Kb2 g5 (34... Rd8 $11 35. Qxc6 Rxd3 36. cxd3 Qxf3) 35. Qd7 (35. Qe7 $1 $14) 35... Rd8 $17 36. Qxc6 (36. Qxe6 $17 fxe6 37. Rxd8+ Kf7 38. Rd3) 36... Rxd3 $19 37. cxd3 Qxf3 $17 {[%emt 0:00:19][%cal Og5g4][%mdl 4096] Endgame. White must now prevent ...g4! KQN-KQN} 38. Qb5 $2 (38. Nd5 Kg7 (38... Qxd3 $2 39. Qc3 $19) 39. Kc3) 38... Qf4 $2 (38... g4 $19 {Hoping for ...g3.} 39. d4 g3 (39... Nxd4 $2 40. Qxe5 g3 41. Qg5+ Kh7 42. Qh4+ Kg6 43. Qd8 $19) (39... exd4 $2 40. Nd5 $19)) 39. Nd5 $15 Qf2+ 40. Ka3 Kg7 41. Qb6 $2 {[%emt 0:11:47][%mdl 8192] Black keeps a firm grip on the game.} (41. Qb8 $15) 41... Qxb6 $19 42. Nxb6 {[%emt 0:00:03] KN-KN} g4 43. Nd5 g3 {[%emt 0:02:03] [#] ( -> ...g2)} 44. Ne3 Kf6 {[%emt 0:04:20] ...Nf4 would now be deadly.} 45. b4 Nf4 46. b5 {[%emt 0:00:26] [#]} Ke6 $1 (46... Nxd3 47. b6 Nc5 48. Kb4 $11) 47. Kb4 Kd7 {[%emt 0:05:11][%cal Og3g2] Strongly threatening ...g2!} 48. Kc5 Nxd3+ 49. Kb6 Nf2 50. Ka7 Nxe4 {[%emt 0:00:06] Black mates.} 51. b6 Nd6 52. Ka6 Ke6 53. Nc4 g2 (53... Nxc4 54. b7 g2 55. b8=Q $19) 54. Nxd6 g1=Q (54... g1=B $2 {is the wrong capture.} 55. b7 $18) 55. b7 Qa1+ 56. Kb6 Qd4+ {[%emt 0:00:02] Weighted Error Value: White=0.69/Black=0.17 (very precise) .  Loses game:     	White=2     	---        Missed win:     	---       	Black=1      Mistake:       	White=2     	Black=1      Inaccurate:     	White=2     	Black=1      OK:         	White=18    	Black=14     Best:        	---       	Black=4      Strong:       	---       	Black=1} ({Weaker is} 56... Kxd6 57. b8=Q+ Ke6 58. Qe8+ Kf6 59. Qh8+ Kg5 60. Qg7+ Kf4 61. Qxf7+ Ke3 62. Qb3+ Kd2 63. Kc6 $17) 0-1

[Event "Swiss Championship 2024"]
[Site "Flims"]
[Date "2024.07.17"]
[Round "5.2"]
[White "Kurmann, Oliver"]
[Black "Stijve, Theo"]
[Result "0-1"]
[ECO "B53"]
[WhiteElo "2428"]
[BlackElo "2328"]
[Annotator "TA"]
[PlyCount "108"]
[EventDate "2024.07.10"]
[EventType "tourn"]
[EventCountry "SUI"]
[SourceTitle "playchess.com"]
[Source "ChessBase"]
[SourceQuality "1"]
[TimeControl "40/5400+30:1800+30"]

1. e4 c5 2. Nf3 Nc6 3. Bb5 Nf6 4. Nc3 d6 5. d4 cxd4 6. Qxd4 Bd7 7. Bxc6 Bxc6 8. Bg5 e6 9. O-O-O Be7 10. Rhe1 Qb6 {[%emt 0:10:26] B53: Sicilian: 2...d6: Lines with Qxd4.} 11. Qxb6 axb6 12. Nd4 Ra5 13. Bd2 Ng4 $146 ({Predecessor:} 13... Ra8 14. f3 O-O 15. Kb1 Rfd8 16. Be3 Nd7 17. Ndb5 Nc5 18. Bf4 e5 19. Be3 Rd7 {1-0 Tadic,A (1677)-Siekanska,M (2029) EU-ch U16 Girls 30th 2022 (1)}) 14. Re2 g5 15. f3 Ne5 16. b3 b5 17. Kb2 $1 b4 18. Nb1 d5 {[%emt 0:00:21] [#]} 19. a3 $1 (19. exd5 Rxd5 20. c3 O-O $11) 19... dxe4 20. Bxb4 Ra8 21. Bxe7 Kxe7 22. Nxc6+ Nxc6 23. Rxe4 Rhd8 24. Ree1 f5 25. a4 h5 26. Nc3 Kf6 27. Nb5 h4 (27... Rxd1 $16 28. Rxd1 Rd8 29. Rxd8 Nxd8) 28. Nc7 ({White should try} 28. Nd6 $18 h3 29. gxh3 (29. Nxb7 Rxd1 30. Rxd1 hxg2 $14)) 28... Rxd1 $14 29. Rxd1 Rc8 30. Nb5 h3 31. gxh3 Ne5 $1 32. Rf1 (32. Nd6 $16 Rb8 33. h4 Nxf3 34. hxg5+ Nxg5 35. Rd4) 32... Rh8 $11 33. Nd6 b6 34. Ka3 ({White should play} 34. h4 $14 Ke7 35. Nb5 (35. Rd1 Rd8 $11) 35... Rxh4 36. Kc3) 34... Rxh3 $15 35. f4 gxf4 36. Rxf4 Rxh2 37. c4 Rh3 ({Better is} 37... Rh1 $17 {Strongly threatening ...Nd3.} 38. Ne4+ Ke7) 38. Nc8 $2 {[%emt 0:01:21][%mdl 8192] [#]} (38. c5 $1 $15 Nc6 (38... bxc5 39. Ne4+ Kg6 40. Nxc5 $11) 39. Nxf5 (39. cxb6 $2 Ke5 $19)) 38... Nd3 (38... Nf3 $1 $19 {has better winning chances.} 39. Nxb6 Ke5 40. Rxf3 Rxf3) 39. Rf1 $17 Nc5 40. Rb1 Nd7 (40... f4 $17 {Hoping for ...Kg5.} 41. Kb4 Nd3+ 42. Kb5 e5 43. Nxb6 (43. Kxb6 e4 $17) 43... e4) 41. Rd1 $15 Nc5 42. Rb1 $1 f4 43. Nxb6 Rxb3+ 44. Rxb3 Nxb3 45. Kxb3 $4 (45. c5 $11 Nxc5 46. Kb4 Na6+ (46... Nxa4 47. Kxa4 Kg5 48. Kb4 $11) 47. Kc3 (47. Kb5 e5 $11)) 45... f3 46. a5 f2 47. a6 f1=Q (47... f1=B $2 {loses.} 48. a7 Bg2 49. Kb4 $18 (49. a8=B Bf1 $18) (49. a8=Q Bxa8 50. Nxa8 e5 51. c5 e4 52. Kc3 Ke7 53. c6 e3) (49. a8=R Ke5 $18)) 48. Kb4 Qa1 49. Kb5 Ke5 50. c5 Kd4 51. Nd7 e5 52. Nxe5 Kxe5 53. Kb6 Qh1 54. Ka7 Qc6 0-1

[Event "Swiss Championship 2024"]
[Site "Flims"]
[Date "2024.07.17"]
[Round "5.3"]
[White "Georgiadis, Ioannis"]
[Black "Peng, Li Min"]
[Result "1/2-1/2"]
[ECO "E05"]
[WhiteElo "2483"]
[BlackElo "2562"]
[Annotator "TA"]
[PlyCount "61"]
[EventDate "2024.07.10"]
[EventType "tourn"]
[EventCountry "SUI"]
[SourceTitle "playchess.com"]
[Source "ChessBase"]
[SourceQuality "1"]
[TimeControl "40/5400+30:1800+30"]

1. d4 Nf6 2. c4 e6 3. Nf3 d5 4. g3 Be7 5. Bg2 O-O 6. O-O dxc4 7. Qc2 Na6 8. Qxc4 Qd5 9. Nbd2 c5 {[%emt 0:04:55] White has an edge.} 10. Rd1 Rd8 11. b3 (11. Qxd5 {simplifies} Nxd5 12. Nb3 Bd7 13. Bg5) 11... cxd4 12. Bb2 d3 13. e3 b5 14. Qxd5 Nxd5 15. Nd4 Bd7 {[%emt 0:07:11] Wards off Nc6} 16. Bxd5 exd5 17. N2f3 Nb4 18. Ba3 f6 {[%emt 0:02:54] Against Ne5} 19. Ne1 {[%emt 0:06:09] Excellent horsemanship.} (19. Bxb4 {simplifies} Bxb4 20. Rxd3 Rac8 21. a3) 19... Rdc8 20. Nxd3 Nxd3 21. Bxe7 Ne5 22. Kg2 Kf7 23. Ba3 a5 24. Rac1 b4 25. Rxc8 Rxc8 26. Bb2 a4 27. h3 a3 28. Bc1 {[%emt 0:00:25] [#]} Nd3 $1 29. Bxa3 (29. Rxd3 Rxc1) 29... Bxh3+ 30. Kg1 Nxf2 31. Kxf2 {[%emt 0:00:11] Weighted Error Value: White=0.05 (flawless) /Black=0.04 (flawless) .  Inaccurate:     	---       	Black=1      OK:         	White=12    	Black=13     Best:        	White=1     	Black=1      Brilliant:      	---       	Black=1} 1/2-1/2

[Event "Swiss Championship 2024"]
[Site "Flims"]
[Date "2024.07.17"]
[Round "5.4"]
[White "Klauser, Markus"]
[Black "Fischer, Daniel"]
[Result "0-1"]
[ECO "B31"]
[WhiteElo "2358"]
[BlackElo "2372"]
[Annotator "TA"]
[PlyCount "86"]
[EventDate "2024.07.10"]
[EventType "tourn"]
[EventCountry "SUI"]
[SourceTitle "playchess.com"]
[Source "ChessBase"]
[SourceQuality "1"]
[TimeControl "40/5400+30:1800+30"]

1. e4 c5 2. Nf3 Nc6 3. Bb5 g6 4. Bxc6 bxc6 5. O-O Bg7 6. Re1 Qc7 7. h3 d6 8. c3 Nf6 {[%emt 0:03:23] White has an edge.} 9. d4 cxd4 10. cxd4 O-O 11. Nc3 c5 12. d5 Nd7 13. Bg5 Re8 14. Qd2 Rb8 15. Rac1 Ba6 16. b3 Qa5 17. Bh6 {[%emt 0:02:59] White wants to play Bxg7.} Bh8 18. h4 Rbc8 19. h5 c4 {[%emt 0:03:46] [#] Hoping for ...cxb3.} 20. hxg6 hxg6 21. Nd4 Ne5 {[%emt 0:04:10] Prevents Nc6} 22. b4 Qxb4 $17 23. Nc6 Nxc6 $19 24. dxc6 Rxc6 25. Re3 Qc5 (25... Bc8 $19 26. Rb1 Bxc3) 26. Rd1 (26. Nd5 $17 {keeps fighting.}) 26... Bc8 27. Rg3 Qh5 28. Bg5 Be6 29. Nd5 (29. Re1 $142) 29... Bxd5 30. exd5 (30. Rh3 {is the only way for White.} c3 31. Qxd5) 30... c3 {[%emt 0:01:33] Black is clearly winning.} 31. Qc1 Rc4 32. Rh3 Qg4 33. Re1 c2 34. Rh4 Qc8 35. Rh3 Rb4 {[%emt 0:03:20] Strongly threatening ...Rb1.} 36. Qa3 Rb1 37. Bc1 Qf5 38. Qa4 Reb8 {[%emt 0:00:50] ...Bb2 would now be deadly.} 39. Qh4 Bg7 40. Qh7+ Kf8 {[%emt 0:00:03][%cal Ob1c1] ( -> ...Rxc1!)} 41. Qh4 g5 42. Qc4 {[%emt 0:01:20] [#]} Rxc1 $1 43. Rxc1 Rb1 {[%emt 0:00:09] Weighted Error Value: White=0.37/Black=0.14 (very precise) .  Mistake:       	White=5     	Black=1      Inaccurate:     	---       	Black=1      OK:         	White=12    	Black=13     Best:        	---       	Black=2} 0-1

[Event "Swiss Championship 2024"]
[Site "Flims"]
[Date "2024.07.17"]
[Round "5.5"]
[White "Georgiadis, Nico"]
[Black "Baenziger, Fabian"]
[Result "1/2-1/2"]
[ECO "A20"]
[WhiteElo "2512"]
[BlackElo "2410"]
[Annotator "TA"]
[PlyCount "61"]
[EventDate "2024.07.10"]
[EventType "tourn"]
[EventCountry "SUI"]
[SourceTitle "playchess.com"]
[Source "ChessBase"]
[SourceQuality "1"]
[TimeControl "40/5400+30:1800+30"]

1. c4 e5 2. g3 Nf6 3. Bg2 c6 4. d4 Bb4+ 5. Bd2 Bxd2+ 6. Qxd2 d6 7. Nc3 O-O {[%emt 0:00:07] Die Stellung ist ausgeglichen.} 8. dxe5 dxe5 9. Qxd8 Rxd8 10. Nf3 Re8 11. O-O-O Na6 12. h3 Nc5 13. Ne1 Be6 14. b3 a5 15. Nd3 Nfd7 16. Nxc5 Nxc5 17. Ne4 Nxe4 18. Bxe4 Kf8 19. h4 h6 20. Rd2 Red8 21. Rxd8+ Rxd8 22. Rd1 Rxd1+ 23. Kxd1 $11 {[%emt 0:00:04][%mdl 4096] Endspiel. KB-KB} a4 24. Kd2 axb3 25. axb3 Ke7 26. e3 Kd6 27. Kc3 b6 28. Bc2 Bd7 29. Be4 Be6 30. Bc2 Bd7 31. Be4 {[%emt 0:31:43] Hier war wenig los.   Gewichteter Fehlerwert: Weiß=0.05 (makellos) /Schwarz=0.05 (makellos) .  Ungenau:       	---       	Schwarz=1     OK:         	Weiß=9     	Schwarz=5} 1/2-1/2

[Event "Swiss Championship 2024"]
[Site "Flims"]
[Date "2024.07.18"]
[Round "6.1"]
[White "Bogner, Sebastian"]
[Black "Baenziger, Fabian"]
[Result "1/2-1/2"]
[ECO "C11"]
[WhiteElo "2547"]
[BlackElo "2410"]
[Annotator "TA"]
[PlyCount "131"]
[EventDate "2024.07.10"]
[EventType "tourn"]
[EventCountry "SUI"]
[SourceTitle "playchess.com"]
[Source "ChessBase"]
[SourceQuality "1"]
[TimeControl "40/5400+30:1800+30"]

1. e4 e6 2. d4 d5 3. Nc3 Nf6 4. e5 Nfd7 5. f4 c5 6. Nf3 Nc6 7. Be3 a6 8. Ne2 {[%emt 0:00:43] C11: French: Classical System: 4 e5 and 4 Bg5 dxe4.} Qb6 9. Qc1 cxd4 10. Nexd4 Nxd4 11. Nxd4 f6 12. exf6 Nxf6 13. c3 $146 ({Predecessor:} 13. Be2 Bc5 14. c3 Qc7 15. O-O O-O 16. Bf3 Bd6 17. Qd2 e5 18. fxe5 Bxe5 19. h3 {½-½ Kraemer,M (2561)-Prusikin,M (2516) SUI-chT Switzerland 2023 (3.1)}) 13... Qc7 14. g3 Bd6 15. Bg2 O-O 16. O-O e5 17. fxe5 Bxe5 18. Bf4 Bd7 19. Qd2 Rae8 20. Rae1 Ne4 21. Bxe5 Rxf1+ 22. Rxf1 Qxe5 23. Qf4 (23. Qe2 {simplifies} Nf6 24. Qxe5 Rxe5 25. Rd1) 23... Nd6 24. Qf3 Bc6 {[%emt 0:00:07] [#]} (24... Qe4 $14) 25. Bh3 $1 $16 Qe7 26. Be6+ Kh8 27. Bxd5 Bxd5 28. Qxd5 b5 29. Nf5 Nxf5 30. Qxf5 h6 31. a3 ({White should try} 31. Qd3 $14) 31... Qd6 (31... Qe3+ $11 32. Qf2 Qe6) 32. Rf2 $14 Qc6 33. Qf3 Qe6 34. Kg2 Qc4 35. Qf7 Qc6+ 36. Qf3 Qc4 $1 37. Qf5 Qc6+ 38. Kh3 $1 Qc4 39. Rd2 Kg8 40. Rd4 (40. Rd6 $16) 40... Qc6 $14 41. Rd2 (41. Rd5 $14) 41... Rf8 (41... Qc4 $1 $11) 42. Qg4 (42. Qd5+ Qxd5 43. Rxd5 Rf2 $15) ({White should play} 42. Qe5 $14) 42... Qf6 (42... Kh8 $11) 43. Qe2 $1 $14 Qc6 44. Qd3 Kh8 45. Re2 Qc8+ 46. Kg2 Qc6+ 47. Kg1 Qf6 48. Rd2 Qf7 49. Kg2 Qf6 50. Qe2 Qc6+ 51. Kh3 Kg8 52. Rd4 Re8 53. Qg4 Qf6 54. Rf4 Qe5 55. Rf2 Qd5 56. Re2 Re5 57. Rxe5 Qxe5 58. a4 (58. Qf3 $16) 58... bxa4 $11 59. Qxa4 Qh5+ 60. Qh4 Qf5+ 61. Qg4 Qf1+ 62. Kh4 Qf6+ 63. Kh3 Qf1+ 64. Kh4 Qf6+ 65. Kh3 Qe5 (65... Qf1+ $11 66. Kh4) 66. Qd1 1/2-1/2